 Dungeon Crawl Stone Soup version 0.27.0-1-g7a089689b8 (webtiles) character file.

Game seed: 16704052421874398043

72 Crownlay the Skirmisher (level 4, -24/42 HPs)
             Began as a Hill Orc Fighter on Aug 17, 2021.
             Killed by an exploding adder (28 damage)
             ... ignited by their inner flame
             ... on level 3 of the Dungeon.
             The game lasted 00:03:56 (1308 turns).

Crownlay the Skirmisher (Hill Orc Fighter)          Turns: 1308, Time: 00:03:56

Health: -24/42     AC:  9    Str: 19    XL:     4   Next: 26%
Magic:  4/4        EV:  7    Int:  8    God:
Gold:   65         SH:  9    Dex: 10    Spells: 3/3 levels left

rFire    . . .     SeeInvis .   a - +0 war axe
rCold    . . .     Faith    .   c - +0 kite shield
rNeg     . . .     Spirit   .   b - +0 scale mail
rPois    .         Reflect  .   (no helmet)
rElec    .         Harm     .   j - scarf {+Inv}
rCorr    .         Rampage  .   m - +0 pair of gloves
Will     .....                  l - +0 pair of boots
Stlth    ..........             (no amulet)
HPRegen  0.14/turn              (no ring)
MPRegen  0.09/turn              (no ring)

@: no status effects
A: no striking features
a: Evoke Invisibility


You were on level 3 of the Dungeon.
You visited 1 branch of the dungeon, and saw 4 of its levels.

You collected 65 gold pieces.

Inventory:

Hand Weapons
 a - a +0 war axe (weapon)
Missiles
 i - 5 javelins (quivered)
Armour
 b - a +0 scale mail (worn)
 c - a +0 kite shield (worn)
 j - a scarf of invisibility (worn)
 l - a +0 pair of boots (worn)
 m - a +0 pair of gloves (worn)
Jewellery
 p - an amulet of the acrobat
Scrolls
 o - a scroll of identify {unknown}
Potions
 d - a potion of might
 e - a potion of cancellation {unknown}
 f - a potion of curing {unknown}
 h - a potion of heal wounds {unknown}
 n - a potion of brilliance {unknown}


   Skills:
 * Level 5.3 Fighting
 - Level 2.6 Axes
 - Level 3.2 Armour
 + Level 4.1 Shields


You had 3 spell levels left.
You didn't know any spells.
Your spell library was empty.

Dungeon Overview and Level Annotations

Branches:
Dungeon (4/15)
 Temple: D:4-7

Altars:
Gozag
Trog

Shops:
D:3 *


Message History

You are poisoned.
You block the jackal's attack.
You feel sick. You block the jackal's attack.
You feel sick.
An ogre comes into view. It is wielding a +0 giant club.
You feel sick.
The ogre shouts!
Found a bloodstained altar of Trog.
A frilled lizard and a goblin come into view.
You feel sick.
The frilled lizard hisses angrily.
The goblin moves out of view.
You feel sick.
You feel sick.
The goblin shouts!
You hit the jackal but do no damage.
The jackal is almost dead.
You hit the adder.
You feel sick.
You are no longer poisoned.
The jackal closely misses you. The adder bites you but does no damage.
The jackal barely misses you. The adder bites you but does no damage.
As you read the scroll labelled WOYDET EFYUR, it crumbles to dust.
You speak a Word of immense power!
It was a scroll of holy word.
The jackal bites you but does no damage.
The adder bites you but does no damage. You block the jackal's attack.
As you read the scroll labelled OHOD IFALUEROA, it crumbles to dust.
The creatures around you are filled with an inner flame!
It was a scroll of immolation.
You block the adder's attack. The frilled lizard bites you.
The jackal bites you. The adder bites you but does no damage.
You slash the jackal! You barely miss the frilled lizard. You hit the adder.
Flame seeps out of the adder.
The jackal explodes!
The fiery explosion engulfs the adder!!!
The fiery explosion engulfs you!
* * * LOW HITPOINT WARNING * * *
The adder explodes!
The fiery explosion engulfs you!!
Ouch! That really hurt!
You die...

.≈≈≈..≈ ≈...≈.≈#.
.# ≈._.≈.§ .##.#
§...≈.≈ ..#.#
.≈≈§g.≈ #O#(### ##
≈≈≈≈≈≈. #..... ...
.§....l##...###.≈≈
#@#.†.....≈..
#§○hK...# ≈._
####...##≈≈..
#####.....≈...
#.....>...≈.⌠.
#...K.###.≈..∩
#...... .≈.⌠.
#....... ≈...
#!....... ≈≈


You could see a jackal (inner flame), a goblin (inner flame), a kobold and a
frilled lizard (inner flame).

Vanquished Creatures
  A hound (D:4)
  2 adders (D:3)
  4 bats (D:1)
  3 endoplasms (D:1)
  4 hobgoblins (D:1)
  5 jackals
  3 quokkas (D:1)
  3 ball pythons
  A frilled lizard (D:2)
  4 kobolds
  4 rats
34 creatures vanquished.

Vanquished Creatures (others)
  A fungus (D:1)
  A plant (D:1)
2 creatures vanquished.

Grand Total: 36 creatures vanquished

Notes
Turn   | Place    | Note
-------+----------+-------------------------------------------
     0 | D:1      | Crownlay the Hill Orc Fighter began the quest for the Orb.
     0 | D:1      | Reached XP level 1. HP: 19/19 MP: 1/1
    57 | D:1      | Reached skill level 4 in Fighting
    58 | D:1      | Reached XP level 2. HP: 25/27 MP: 2/2
   263 | D:1      | Found a faded altar of an unknown god.
   583 | D:1      | Reached XP level 3. HP: 34/34 MP: 3/3
  1080 | D:2      | You fall into a shaft and drop 2 floors!
  1100 | D:4      | Reached skill level 5 in Fighting
  1100 | D:4      | Reached XP level 4. HP: 30/42 MP: 4/4
  1195 | D:3      | Found Gozag's Platinum Reserve.
  1195 | D:3      | Found an opulent altar of Gozag.
  1300 | D:3      | Noticed an ogre
  1301 | D:3      | Found a bloodstained altar of Trog.
  1308 | D:3      | Killed by an exploding adder... ignited by their inner
                  | flame

Illustrated notes

Levels and vault maps discovered:
D:1:      ncdulo_halloftheorcs, layout_basic,
          dreamdust_ecumenical_altar_hidden_monk_grotto
D:2:      layout_rooms
D:3:      layout_basic, nicolae_gozag_zags_fifth_avenue,
          nemelex_spade_bored_becter, mainiacjoe_overflow_cross_hatched,
          mainiacjoe_overflow_paths, gammafunk_temple_overflow_pools,
          minmay_three_crescents, uniq_crazy_yiuf_cottage
D:4:      layout_loops_ring, ebering_ghost_gozag, serial_park_tiny_1,
          minmay_starry_boxes

Skill      XL: |  1  2  3 |
---------------+----------+-----
Fighting       | 4 5 |  5.3
Shields        | 4 |  4.1
Axes           | |  2.6
Armour         | |  3.2

Action                   |  1- 3 |  4- 6 || total
-------------------------+-------+-------++-------
Melee: War axe           |    81 |    14 ||    95
  Use: Scroll            |       |     2 ||     2
Armor: Scale mail        |    55 |    14 ||    69
Dodge: Dodged            |    31 |    10 ||    41
Block: Kite shield       |    52 |     9 ||    61
